Map: [ESL] Moondance

Players

Maplez

  • Race: Protoss Protoss
  • Spawn Location: 12:00

Scarlett - Winner!

  • Race: Zerg Zerg
  • Spawn Location: 6:00

Event: DreamHack SC2 Masters 2022 Valencia

VOD

Have the link to the VOD?

Description

Time

  • Played on: July 1, 2022, 10:01 a.m.
  • Length: 10:27

All games in this series

Show
View Real Time Build Order
Export as new Build Order

Maplez Protoss 

Build Orders: 1 Gate Expand, Zealot Archon, Archon Drop, Dark Templar Rush 

Get SALT Encoding   

  12  0:00  Probe  
  13  0:12  Probe  
  14  0:19  Pylon  
  14  0:24  Probe  
  15  0:37  Probe (Chrono Boost)  
  15  0:41  Gateway  
  16  0:47  Probe (Chrono Boost)  
  17  0:50  Assimilator  
  17  0:52  Probe (Chrono Boost)  
  18  1:04  Probe  
  19  1:16  Probe  
  20  1:28  Nexus  
  20  1:39  Cybernetics Core  
  20  1:41  Probe  
  20  1:47  Assimilator  
  21  1:54  Probe  
  22  1:57  Pylon  
  22  2:06  Probe  
  23  2:13  Adept (Chrono Boost)  
  23  2:18  Probe  
  26  2:22  Twilight Council  
  26  2:26  Warp Gate  
  26  2:30  Probe (Chrono Boost)  
  26  2:33  Stalker (Chrono Boost)  
  29  2:40  Probe (Chrono Boost)  
  31  2:48  Probe (Chrono Boost)  
  31  2:50  Probe (Chrono Boost)  
  32  2:55  Probe (Chrono Boost)  
  32  2:56  Robotics Facility  
  33  2:59  Probe  
  34  3:06  Probe  
  34  3:12  Probe  
  36  3:16  Gateway  
  36  3:18  Probe  
  37  3:23  Dark Shrine  
  37  3:24  Probe  
  38  3:30  Probe  
  38  3:31  Pylon  
  39  3:37  Gateway  
  39  3:39  Gateway  
  39  3:45  Warp Prism (Chrono Boost)  
  39  3:51  Probe  
  39  3:54  Probe  
  43  3:59  Pylon  
  43  4:03  Probe  
  43  4:05  Assimilator  
  43  4:06  Probe  
  45  4:11  Pylon  
  45  4:14  Adept  
  45  4:16  Probe  
  48  4:18  Probe  
  50  4:36  Dark Templar x3  
  55  4:39  Probe  
  55  4:45  Probe  
  57  4:51  Probe  
  58  4:57  Probe  
  59  5:04  Nexus, Probe  
  59  5:06  Immortal (Chrono Boost)  
  58  5:09  Probe  
  57  5:15  Assimilator  
  57  5:16  Probe  
  58  5:21  Probe  
  58  5:22  Dark Templar  
  58  5:23  Dark Templar  
  58  5:25  Forge  
  63  5:28  Probe  
  63  5:30  Pylon  
  63  5:33  Probe  
  65  5:40  Probe  
  64  5:45  Probe  
  64  5:46  Zealot x2  
  69  5:50  Shield Battery  
  69  5:53  Probe, Warp Prism (Chrono Boost)  
  72  5:57  Probe  
  72  5:58  Sentry x2  
  72  5:59  Protoss Ground Weapons Level 1 (Chrono Boost), Archon  
  72  6:04  Archon  
  77  6:05  Probe  
  78  6:15  Gateway  
  78  6:16  Probe  
  78  6:17  Probe  
  80  6:19  Gateway  
  80  6:20  Probe  
  80  6:22  Pylon  
  81  6:27  Observer (Chrono Boost)  
  81  6:28  Probe  
  81  6:29  Probe  
  81  6:32  Probe  
  85  6:34  Dark Templar x2  
  89  6:40  Observer, Probe  
  89  6:41  Probe  
  89  6:44  Probe, Gateway  
  89  6:45  Gateway  
  93  6:47  Pylon  
  93  6:52  Probe  
  93  6:53  Probe  
  95  6:54  Dark Templar x2  
  95  6:56  Assimilator  
  95  6:59  Assimilator  
  99  7:06  Archon  
  99  7:07  Zealot x2  
  103  7:22  Robotics Facility  
  103  7:26  Pylon, Robotics Bay  
  103  7:31  Dark Templar x2  
  103  7:32  Pylon, Zealot  
  103  7:34  Pylon  
  108  7:42  Archon  
  108  7:46  Pylon  
  108  7:48  Shield Battery  
  108  7:49  Nexus  
  108  7:51  Pylon  
  104  7:52  Pylon, Probe  
  104  7:58  Dark Templar x3  
  111  7:59  Zealot  
  111  8:02  Archon, Dark Templar  
  111  8:03  Zealot  
  117  8:05  Probe x2  
  117  8:10  Probe  
  120  8:16  Disruptor (Chrono Boost)  
  120  8:18  Probe  
  124  8:21  Archon  
  124  8:25  Zealot x3  
  128  8:30  Dark Templar  
  122  8:47  Zealot x2  
  122  8:48  Zealot  
  115  8:58  Zealot x4  
  117  9:08  Probe  
  116  9:11  Probe  
  116  9:14  Observer, Zealot x3  
  116  9:15  Probe  
  94  9:25  Zealot  
  94  9:26  Zealot  
  94  9:27  Disruptor (Chrono Boost), Probe x2 (Chrono Boost)  
  94  9:29  Zealot x3  
  106  9:31  Probe (Chrono Boost)  
  106  9:37  Disruptor (Chrono Boost)  
  108  9:38  Probe x2 (Chrono Boost)  
  108  9:39  Dark Templar x3  
  108  9:43  Probe x3 (Chrono Boost)  
  117  9:50  Stalker  
  117  9:51  Probe  
  120  9:53  Probe x2  
  120  9:57  Sentry  
  120  9:58  Stalker x2  
  123  10:05  Zealot  
  115  10:12  Zealot x2  
  115  10:13  Probe  
  115  10:14  Probe  
Show
View Real Time Build Order
Export as new Build Order

Scarlett Zerg - Winner!

Build Orders: Hatch First 

Get SALT Encoding   

  12  0:00  Drone  
  13  0:12  Overlord  
  13  0:17  Drone  
  14  0:30  Drone x2  
  16  0:43  Drone  
  17  0:51  Hatchery  
  17  0:54  Drone  
  17  0:57  Drone  
  18  1:08  Extractor  
  17  1:12  Spawning Pool  
  17  1:15  Drone  
  17  1:19  Drone  
  18  1:27  Drone  
  19  1:38  Drone  
  20  1:49  Overlord  
  20  1:58  Queen  
  22  2:03  Queen  
  22  2:04  Zergling x2  
  22  2:05  Drone  
  26  2:12  Metabolic Boost  
  26  2:15  Drone x2  
  28  2:21  Drone  
  29  2:28  Drone  
  30  2:35  Hatchery  
  29  2:38  Zergling x2  
  29  2:41  Drone  
  31  2:44  Queen  
  31  2:49  Overlord  
  33  3:00  Drone  
  33  3:01  Drone  
  33  3:04  Overlord  
  35  3:05  Drone  
  35  3:12  Overlord, Queen  
  38  3:15  Drone  
  38  3:16  Drone  
  38  3:19  Drone  
  42  3:20  Drone  
  42  3:25  Drone x3  
  45  3:32  Queen  
  47  3:36  Drone  
  47  3:37  Drone x2  
  47  3:41  Drone x3  
  53  3:45  Evolution Chamber  
  52  3:52  Spore Crawler, Queen  
  53  3:56  Drone x3  
  53  4:01  Drone x3  
  58  4:05  Overlord  
  58  4:07  Drone  
  58  4:08  Drone  
  60  4:12  Zerg Melee Weapons Level 1  
  60  4:13  Drone x2  
  62  4:18  Drone x3  
  62  4:20  Overlord  
  62  4:23  Overlord  
  65  4:28  Baneling Nest  
  65  4:30  Zergling x8  
  68  4:36  Spore Crawler, Zergling x6  
  70  4:40  Zergling x2  
  71  4:49  Zergling x8  
  74  4:57  Drone x5  
  78  5:05  Spore Crawler  
  73  5:15  Drone  
  73  5:16  Drone x8, Lair  
  73  5:19  Spore Crawler  
  80  5:25  Drone x6  
  86  5:31  Queen  
  86  5:32  Overlord  
  86  5:35  Extractor  
  87  5:36  Roach Warren  
  87  5:37  Extractor  
  87  5:38  Extractor  
  81  5:43  Drone x6, Overlord  
  81  5:48  Extractor  
  81  5:49  Extractor, Drone x4  
  88  5:51  Drone  
  88  5:52  Drone x3  
  92  6:03  Overlord x2  
  92  6:10  Zergling x10  
  97  6:14  Hatchery  
  96  6:18  Glial Reconstitution  
  96  6:19  Zerg Melee Weapons Level 2  
  96  6:28  Centrifugal Hooks  
  96  6:30  Zergling x12  
  96  6:31  Zergling x6  
  105  6:39  Roach x6  
  117  6:44  Overlord  
  117  6:45  Overlord x3  
  116  6:56  Overseer  
  116  6:57  Overlord  
  116  6:58  Overlord  
  116  7:05  Drone  
  116  7:06  Drone x6  
  121  7:24  Pneumatized Carapace  
  121  7:28  Roach x8  
  137  7:33  Overlord x5  
  137  7:44  Drone x8  
  142  7:52  Ravager x4  
  142  7:53  Baneling x24  
  142  7:55  Zergling x14  
  153  8:06  Zergling x12  
  155  8:13  Hatchery  
  155  8:15  Zergling x14  
  158  8:21  Drone x3  
  155  8:34  Zergling x16  
  155  8:39  Drone x5  
  159  8:43  Zergling x4  
  153  8:50  Zergling x4  
  129  8:56  Roach x4  
  129  9:02  Roach x6  
  145  9:06  Baneling x14  
  144  9:14  Roach x5  
  148  9:22  Drone  
  148  9:23  Drone x4  
  143  9:28  Roach  
  145  9:33  Roach x2  
  145  9:37  Roach  
  145  9:38  Roach x4  
  158  9:41  Ravager x7  
  165  9:46  Roach x2  
  169  9:53  Zergling x14  
  174  10:02  Overseer x2  
  151  10:14  Drone x14  

Tags
 
Add a new tag
Caveats
  • Supply blocks, unpowered buildings, or Contaminate may cause inaccurate times.
  • Supply counts are checked every 10 seconds.